 Dungeon Crawl Stone Soup version 0.29.1-15-g9cfb28693d (webtiles) character file.

Game seed: 11229089202908091346

1491 ChrisAssaf the Covert (level 8, -1/32 HPs)
             Began as a Vine Stalker Brigand on Apr 25, 2023.
             Was a Believer of Makhleb.
             Slain by a killer bee (5 damage)
             ... on level 6 of the Dungeon.
             The game lasted 00:26:38 (5603 turns).

ChrisAssaf the Covert (Vine Stalker Brigand)        Turns: 5603, Time: 00:26:39

Health: -1/32      AC: -8    Str: 20 (21) XL:     8   Next: 80%
Magic:  0/13       EV: 12    Int: 12 (13) God:    Makhleb [**....]
Gold:   323        SH:  0    Dex: 14 (15) Spells: 4/12 levels left

rFire   . . .      SeeInvis .   A - +0 dagger (holy)
rCold   . . .      Faith    +   (no shield)
rNeg    . . .      Spirit   +   b - +0 robe
rPois   +          Reflect  .   k - -1 helmet of Zaryokk {*Slow rElec rPois}
rElec   +          Harm     .   c - +0 cloak
rCorr   .          Rampage  .   (no gloves)
Will    +....                   (no boots)
Stlth   ++++......              f - amulet of faith
HPRegen 0.90/turn               D - +6 ring of strength
MPRegen 0.13/turn               (no ring)

@: lethally poisoned (-1 -> -2), corroded
A: fangs 3, regeneration 1, magic shield, antimagic bite, no potion heal 2,
deterioration 1, frail 2
a: Renounce Religion, Minor Destruction


You were on level 6 of the Dungeon.
You worshipped Makhleb.
Makhleb was pleased with you.
You visited 2 branches of the dungeon, and saw 7 of its levels.

You collected 323 gold pieces.

Inventory:

Hand Weapons
 a - a +2 dagger
 A - a +0 dagger of holy wrath (weapon)
Missiles
 d - 15 poisoned darts (quivered)
 h - 3 curare-tipped darts
 q - 2 javelins
Armour
 b - a +0 robe (worn)
 c - a +0 cloak (worn)
 k - the -1 helmet of Zaryokk (worn) {*Slow rElec rPois}
   (You found it on level 3 of the Dungeon)

   rElec:     It insulates you from electricity.
   rPois:     It protects you from poison.
   *Slow:     It may slow you when you take damage.
Jewellery
 f - an amulet of faith (around neck)
 D - a +6 ring of strength (left hand)
Wands
 n - a wand of polymorph (1)
Scrolls
 e - a scroll of silence
 i - a scroll of teleportation
 r - a scroll of poison {unknown}
 t - a scroll of fog
 v - 2 scrolls of enchant weapon {unknown}
 x - a scroll of enchant armour {unknown}
 y - 2 scrolls of amnesia
 C - a scroll of fear {unknown}
Potions
 g - a potion of lignification {unknown}
 j - a potion of might {unknown}
 l - a potion of mutation
 m - 5 potions of flight {unknown}
 o - 3 potions of degeneration {unknown}
 p - a potion of heal wounds {unknown}
 s - a potion of invisibility {unknown}
 u - a potion of cancellation {unknown}
 w - 3 potions of brilliance {unknown}
 z - a potion of attraction {unknown}
 B - a potion of magic {unknown}


   Skills:
 * Level 3.0 Fighting
 * Level 3.7 Short Blades
 * Level 3.3 Throwing
 * Level 2.1 Armour
 * Level 2.3 Dodging
 * Level 8.5 Stealth
 * Level 2.7 Spellcasting
 * Level 2.5 Hexes
 * Level 0.8 Necromancy
 * Level 2.6 Ice Magic
 * Level 0.7 Invocations
 * Level 1.8 Evocations


You had 4 spell levels left.
You knew the following spells:

 Your Spells              Type           Power      Damage    Failure   Level
a - Ensorcelled Hibernat  Hex/Ice        14%        N/A       13%         2
b - Vampiric Draining     Necr           3%         2d6       47%         3
c - Tukima's Dance        Hex            7%         N/A       26%         3

Your spell library contained the following spells:

 Spells                   Type           Power      Damage    Failure   Level
 Slow                     Hex            28%        N/A       9%          1
 Confusing Touch          Hex            7%         N/A       26%         3
 Passwall                 Tmut/Erth      0%         N/A       36%         2
 Portal Projectile        Hex/Tloc       8%         N/A       41%         3
 Swiftness                Air            1%         N/A       58%         3
 Summon Ice Beast         Ice/Summ       4%         N/A       82%         4
 Summon Mana Viper        Hex/Summ       4%         N/A       99%         5
 Blade Hands              Tmut           0%         N/A       100%        5
 Monstrous Menagerie      Summ           0%         N/A       100%        7


Dungeon Overview and Level Annotations

Branches:
Dungeon (6/15)             Temple (1/1) D:4

Altars:
Ashenzari
Dithmenos
Elyvilon
Fedhas
Gozag
Hepliaklqana
Kikubaaqudgha
Makhleb
Okawaru
Qazlal
Ru
Sif Muna
Uskayaw
Vehumet
Wu Jian
Yredelemnul
Zin
The Shining One

Annotations:
D:4 hattop's ghost, novice DgIE


Innate Abilities, Weirdness & Mutations

You have razor-sharp teeth.
Your natural rate of healing is unusually fast.
When hurt, damage is shared between your health and your magic reserves.
Your bite disrupts and absorbs the magic of your enemies.
Potions cannot restore your health.
Your body sometimes deteriorates upon taking damage.
You are very frail. (-20% HP)


Message History

Aiming: Polymorph
Press: ? - help, Shift-Dir - straight line, f - jelly
Aim: a jelly (will become a killer bee, a river rat, or an adder, chance to affect: 62%)
The jelly resists with significant effort.
The jelly hits you but does no damage.
Aiming: Polymorph
Press: ? - help, Shift-Dir - straight line, f/p - jelly
Aim: a jelly (will become a killer bee, a river rat, or an adder, chance to affect: 62%)
The jelly resists with significant effort.
The jelly hits you. The acid corrodes you!
You are splashed with acid!
There is an open door here.
You hit the jelly.
Your hands burn!
Your bite misses the jelly.
The jelly is lightly wounded.
The jelly hits you. The acid corrodes you!
You are splashed with acid!
Your body deteriorates!
You feel clumsy.
You hit the jelly. The acid corrodes you!
Your hands burn!
The jelly is lightly wounded.
The jelly barely misses you.
Aiming: Polymorph
Press: ? - help, Shift-Dir - straight line, f/p - jelly
Aim: a jelly (lightly wounded, will become a killer bee, a river rat, or an adder, chance to affect: 62%)
The jelly evaporates and reforms as a killer bee!
The killer bee stings you!
You are poisoned.
The killer bee poisons you!
Casting: Ensorcelled Hibernation (safe; 13% risk of failure)
Confirm with . or Enter, or press ? or * to list all spells.
Aiming: Ensorcelled Hibernation (safe; 13% risk of failure)
Press: ? - help, Shift-Dir - straight line, f/p - killer bee
Aim: a killer bee (chance to affect: 50%)
The killer bee resists with some effort.
You feel sick. The killer bee barely misses you. The killer bee stings you!
* * * LOW HITPOINT WARNING * * *
Unknown command.
Aiming: Minor Destruction (17% risk of failure)
Press: ? - help, Shift-Dir - straight line, f/p - killer bee
Aim: a killer bee The killer bee resists with some effort.
You feel sick. The killer bee stings you.
You die...

.## #........# #.#
..#######.#### #.##
...# #.# #..# ...#
##+# ##.# ...#
##...# #.# ..##
#.....# ##.# .##
.......## ##..#
.####
........####...#####
....+
........'y@........#
.####
.D......##....>###.#
## .......###..#.##
#.# .# #.....#
#..######.# .#
##...# #.........#
.# ##+# ##.########
.# #.# #.# .# #.#
#.# .## ##.## #.#


You could see a killer bee.

Vanquished Creatures
  Pikel (D:5)
  An ice beast (D:5)
  2 ogres (D:4)
  2 lemures (D:5)
  3 phantoms
  A kobold brigand (D:4)
  A scorpion (D:4)
  An orc priest (D:5)
  A hound (D:5)
  2 iguanas
  2 orc wizards (D:5)
  Natasha (thrice) (D:4)
  A river rat (D:6)
  4 adders
  An ufetubus (D:4)
  3 worms
  4 dart slugs
  6 orcs (D:5)
  6 endoplasms
  4 giant cockroaches
  8 goblins
  6 hobgoblins
  8 jackals
  6 quokkas
  8 ball pythons
  7 bats
  2 frilled lizards
  17 kobolds
  9 rats
120 creatures vanquished.

Vanquished Creatures (collateral kills)
  2 goblins (D:6)
2 creatures vanquished.

Vanquished Creatures (others)
  2 fungi (D:4)
  2 plants (D:4)
4 creatures vanquished.

Grand Total: 126 creatures vanquished

Notes
Turn   | Place    | Note
-------+----------+-------------------------------------------
     0 | D:1      | ChrisAssaf the Vine Stalker Brigand began the quest for the
                  | Orb.
     0 | D:1      | Reached XP level 1. HP: 11/11 MP: 2/2
    43 | D:1      | Reached skill level 5 in Stealth
   146 | D:1      | Reached XP level 2. HP: 14/15 MP: 1/3
   351 | D:3      | Reached skill level 1 in Dodging
   351 | D:3      | Reached XP level 3. HP: 17/18 MP: 2/4
   368 | D:3      | Learned a level 2 spell: Ensorcelled Hibernation
   450 | D:3      | Identified the -1 helmet of Zaryokk {*Slow rElec rPois}
   603 | D:4      | Gained mutation: Your natural rate of healing is unusually
                  | fast. [Vine Stalker growth]
   603 | D:4      | Reached XP level 4. HP: 8/23 MP: 2/5
   658 | D:4      | Noticed an ogre
   670 | D:4      | Killed an ogre
   671 | D:4      | Reached skill level 6 in Stealth
   671 | D:4      | Reached skill level 1 in Spellcasting
   671 | D:4      | Reached XP level 5. HP: 26/26 MP: 5/7
   704 | D:4      | Reached skill level 1 in Hexes
   718 | D:4      | Reached skill level 1 in Ice Magic
   718 | D:4      | Reached XP level 6. HP: 30/30 MP: 8/8
   724 | D:4      | Noticed Natasha
   731 | D:4      | Killed Natasha
   754 | D:4      | Reached skill level 1 in Armour
   855 | D:4      | Noticed Natasha
   869 | D:4      | Killed Natasha
   979 | D:4      | Noticed Natasha
   990 | D:4      | Killed Natasha
   995 | D:4      | Found a runed translucent gate.
   995 | D:4      | Found a runed translucent gate.
   999 | D:4      | Found a runed translucent gate.
  1000 | D:4      | Noticed hattop's ghost (novice DgIE)
  1014 | D:4      | Found a staircase to the Ecumenical Temple.
  1042 | Temple   | Entered the Ecumenical Temple
  1193 | Temple   | Became a worshipper of Makhleb the Destroyer
  1449 | D:4      | Found a sacrificial altar of Ru.
  1450 | D:4      | Found a basalt altar of Yredelemnul.
  1452 | D:4      | Found a shadowy altar of Dithmenos.
  1835 | D:3      | Found a faded altar of an unknown god.
  2478 | D:2      | Reached XP level 7. HP: 35/35 MP: 10/10
  2492 | D:2      | Reached * piety under Makhleb
  3738 | D:5      | Entered Level 5 of the Dungeon
  3778 | D:5      | Noticed Pikel
  3800 | D:5      | Killed Pikel
  3801 | D:5      | Reached skill level 7 in Stealth
  3801 | D:5      | Reached skill level 1 in Evocations
  3801 | D:5      | Gained mutation: You have razor-sharp teeth. [Vine Stalker
                  | growth]
  3801 | D:5      | Reached XP level 8. HP: 39/39 MP: 8/12
  3888 | D:5      | Reached ** piety under Makhleb
  3889 | D:5      | Reached skill level 8 in Stealth
  3891 | D:5      | Found a stormy altar of Qazlal.
  3926 | D:5      | Learned a level 3 spell: Vampiric Draining
  4027 | D:5      | Gained mutation: You are frail. (-10% HP) [potion of
                  | mutation]
  4027 | D:5      | Gained mutation: Your body sometimes deteriorates upon
                  | taking damage. [potion of mutation]
  4027 | D:5      | Gained mutation: You are very frail. (-20% HP) [potion of
                  | mutation]
  4325 | D:5      | Found an iron altar of Okawaru.
  5066 | D:4      | Learned a level 3 spell: Tukima's Dance
  5245 | D:6      | Found a hazy altar of Hepliaklqana.
  5603 | D:6      | Slain by a killer bee

Illustrated notes

Levels and vault maps discovered:
D:1:      wander_arrival_chamber, layout_loops_ring, st_stairs_4,
          corexii_hall_statues_l
D:2:      layout_rooms, minmay_rat_gold_closets
D:3:      layout_rooms, shapermc_ecumenical_altar_totnotflames
D:4:      layout_loops_ring, chequers_temple_overflow_statue_of_worship,
          temple_pool_b, gammafunk_ghost_nasty_kobolds, uniq_natasha
D:5:      layout_loops_ring, mainiacjoe_overflow_catch_the_wave,
          corexii_leaking_fountain, uniq_pikel
D:6:      minmay_goblin_kobold_castle, layout_loops_corners,
          mainiacjoe_overflow_alcove_2
Temple:   nicolae_temple_godzebo

Skill      XL: |  1  2  3  4  5  6  7  8 |
---------------+-------------------------+-----
Stealth        | 5 6 7 8 |  8.5
Short Blades   | 2 3 |  3.7
Dodging        | 1 2 |  2.3
Fighting       | 2 3 |  3.0
Throwing       | 2 3 |  3.3
Spellcasting   | 1 2 |  2.7
Hexes          | 1 2 |  2.5
Ice Magic      | 1 2 |  2.6
Armour         | 1 2 |  2.1
Evocations     | 1 |  1.8
Necromancy     | |  0.8
Invocations    | |  0.7

Action                   |  1- 3 |  4- 6 |  7- 9 || total
-------------------------+-------+-------+-------++-------
Melee: Dagger            |    69 |    73 |   107 ||   249
       Bite              |    18 |    18 |    27 ||    63
       Punch             |       |     1 |     1 ||     2
Throw: Dart              |    16 |    37 |    38 ||    91
 Cast: Ensorcelled Hiber |     1 |     6 |    33 ||    40
       Vampiric Draining |       |       |     1 ||     1
       Tukima's Dance    |       |       |     1 ||     1
Invok: Minor Destruction |       |       |     1 ||     1
Evoke: Wand              |       |       |     4 ||     4
  Use: Scroll            |     2 |     2 |     8 ||    12
       Potion            |       |       |     1 ||     1
 Stab: Sleeping          |     4 |     9 |    32 ||    45
       Distracted        |     1 |       |       ||     1
Armor: Robe              |    16 |    13 |    30 ||    59
Dodge: Dodged            |    36 |    51 |    77 ||   164
